Map: Dusk Towers

Players

MythiC - Winner!

  • Race: Terran Terran
  • League: Grandmaster

Ganxieni

  • Race: Zerg Zerg
  • League: Grandmaster

VOD

Have the link to the VOD?

Description

Time

  • Played on: Jan. 10, 2016, 2:03 p.m.
  • Length: 9:48
Show
View Real Time Build Order
Export as new Build Order

MythiC Terran - Winner!

Build Orders: MMM Bio 

Get SALT Encoding   

  12  0:02  SCV  
  13  0:14  SCV  
  14  0:24  Supply Depot  
  14  0:26  SCV  
  15  0:46  SCV, Barracks  
  15  0:49  Refinery  
  16  0:58  SCV  
  17  1:10  SCV  
  18  1:22  SCV  
  19  1:34  Orbital Command  
  19  1:38  Barracks Reactor  
  19  1:42  Command Center  
  19  1:55  Supply Depot  
  19  2:00  SCV  
  20  2:02  Refinery  
  20  2:12  SCV  
  20  2:14  Reaper x2  
  23  2:24  SCV  
  23  2:27  Barracks  
  24  2:32  Barracks  
  24  2:36  SCV  
  25  2:46  Reaper  
  25  2:47  Reaper  
  25  2:48  SCV  
  28  3:00  SCV  
  29  3:13  SCV  
  29  3:19  Reaper x2  
  32  3:25  SCV  
  33  3:31  Barracks Tech Lab  
  33  3:32  Orbital Command  
  33  3:36  Factory  
  33  3:37  SCV  
  33  3:40  Marine  
  35  3:49  SCV  
  36  4:00  Marine x2  
  36  4:01  Stimpack, SCV  
  36  4:02  SCV  
  40  4:05  Supply Depot, Marine x2  
  42  4:13  SCV  
  42  4:14  SCV  
  44  4:18  Marine x2  
  44  4:23  Factory Reactor  
  44  4:24  Starport  
  46  4:27  SCV x2  
  46  4:28  Supply Depot  
  46  4:29  Refinery  
  50  4:36  Marine  
  49  4:39  SCV x2  
  49  4:41  Marine x2  
  52  4:46  Marine  
  52  4:51  Supply Depot, SCV x2  
  52  4:52  Engineering Bay, Refinery  
  54  4:55  Marine  
  56  5:03  SCV x2  
  58  5:08  Factory Tech Lab, Marine x2  
  58  5:10  Barracks Reactor, Medivac  
  58  5:12  Medivac, Marine  
  63  5:15  SCV x2  
  65  5:28  Siege Tank, SCV x2  
  70  5:34  Marine  
  70  5:55  Supply Depot  
  70  5:56  Terran Infantry Weapons Level 1  
  70  5:57  Supply Depot  
  70  5:58  SCV x2, Marine x5  
  70  6:00  Liberator  
  70  6:01  Liberator  
  77  6:10  SCV  
  78  6:16  Supply Depot x2  
  78  6:17  Siege Tank, SCV  
  84  6:19  Marine x4  
  84  6:20  Marine  
  84  6:21  Barracks x2  
  84  6:23  SCV  
  93  6:27  Supply Depot, Combat Shields  
  93  6:37  Marine  
  93  6:38  SCV x2, Marine x3  
  97  6:59  Marine x5  
  97  7:00  Siege Tank  
  104  7:04  Medivac x2  
  108  7:10  Barracks Reactor x2  
  108  7:11  SCV x2  
  108  7:14  Supply Depot  
  108  7:15  Supply Depot  
  110  7:16  Marine  
  110  7:17  Marine x3  
  110  7:21  Marine  
  115  7:23  SCV x2  
  115  7:26  Supply Depot  
  115  7:27  Supply Depot  
  117  7:34  Marine x2  
  117  7:35  Marine  
  117  7:36  Marine  
  117  7:37  Siege Tank, Medivac x2  
  117  7:41  Marine  
  122  7:49  Marine x4  
  122  7:50  Terran Infantry Armor Level 1  
  126  7:52  Marine  
  126  7:55  Marine x3  
  130  7:59  Armory  
  130  8:00  Supply Depot  
  130  8:05  Marine  
  131  8:06  Marine  
  131  8:07  Marine  
  131  8:09  Marine x2  
  131  8:10  Siege Tank, Medivac  
  140  8:22  Marine  
  140  8:23  Marine x2  
  143  8:29  Marine x4  
  143  8:30  Medivac, Marine x2  
  151  8:40  Medivac  
  153  8:59  Marine x2  
  150  9:02  Marine  
  150  9:03  Marine  
  149  9:13  Marine x5  
  149  9:14  Siege Tank, Medivac x2  
  158  9:23  Command Center  
  158  9:27  Missile Turret  
  158  9:28  Marine  
  158  9:29  Marine  
  148  9:41  Missile Turret  
Show
View Real Time Build Order
Export as new Build Order

Ganxieni Zerg 

Build Orders: Hatch First, Muta Ling Bane 

Get SALT Encoding   

  12  0:02  Drone  
  13  0:13  Overlord  
  13  0:17  Drone  
  14  0:34  Drone x2  
  16  0:36  Drone  
  17  0:57  Hatchery, Drone  
  17  1:00  Drone  
  18  1:11  Extractor  
  18  1:14  Spawning Pool  
  18  1:18  Drone  
  17  1:24  Drone  
  18  1:29  Drone  
  19  1:41  Overlord  
  19  2:02  Queen  
  19  2:03  Zergling x2  
  22  2:10  Queen, Zergling x2  
  22  2:12  Drone  
  26  2:16  Metabolic Boost  
  26  2:20  Drone  
  28  2:22  Drone  
  28  2:31  Drone  
  28  2:36  Drone  
  30  2:41  Overlord  
  32  2:51  Hatchery  
  29  2:58  Queen  
  31  3:03  Drone x2  
  33  3:08  Zergling x2  
  33  3:09  Zergling x2  
  35  3:13  Overlord  
  35  3:27  Drone x6  
  35  3:32  Drone  
  41  3:38  Queen  
  41  3:40  Drone  
  44  3:43  Drone  
  45  3:48  Overlord  
  45  3:53  Queen  
  47  4:00  Drone  
  47  4:02  Drone, Overlord  
  49  4:05  Lair  
  49  4:14  Queen  
  49  4:15  Drone  
  52  4:21  Zergling x12  
  52  4:23  Drone  
  59  4:25  Extractor  
  59  4:28  Drone x2  
  60  4:41  Drone  
  60  4:42  Drone x5  
  66  4:46  Overlord  
  66  4:48  Overlord  
  66  4:55  Drone  
  66  4:58  Drone x2  
  66  4:59  Overlord  
  69  5:09  Evolution Chamber  
  69  5:10  Evolution Chamber, Drone x6  
  69  5:13  Baneling Nest  
  71  5:21  Overseer  
  71  5:23  Drone x4  
  75  5:30  Drone  
  75  5:33  Drone x4  
  80  5:37  Zerg Melee Weapons Level 1  
  80  5:41  Extractor  
  80  5:42  Extractor x2  
  77  5:44  Drone, Extractor  
  77  5:45  Drone x6  
  83  5:51  Zerg Ground Armor Level 1  
  83  5:55  Drone  
  84  6:11  Overlord x6  
  84  6:13  Zergling x4  
  84  6:14  Zergling x8  
  90  6:24  Hatchery  
  90  6:25  Baneling x2  
  89  6:28  Zergling x10  
  89  6:31  Zergling x2  
  95  6:36  Zergling x10  
  100  6:45  Centrifical Hooks  
  95  6:49  Zergling x6  
  87  6:54  Zergling x2  
  87  7:00  Zergling x12  
  87  7:01  Zergling x2  
  87  7:04  Baneling x2  
  87  7:05  Baneling x4, Zergling x2  
  87  7:06  Zergling x6  
  87  7:08  Baneling x4  
  89  7:12  Zergling x4  
  91  7:17  Drone  
  91  7:18  Spire  
  91  7:19  Infestation Pit  
  91  7:22  Drone x2  
  92  7:23  Overseer  
  92  7:27  Overlord  
  89  7:34  Drone  
  89  7:35  Drone x8  
  96  7:42  Zergling x2  
  97  7:46  Hatchery, Zergling x4  
  98  7:52  Queen  
  98  7:55  Overlord  
  100  7:59  Zergling x12  
  100  8:03  Zergling x2  
  100  8:05  Baneling x2  
  107  8:09  Zergling x2  
  108  8:16  Hive  
  108  8:18  Zergling x2  
  108  8:19  Zergling x12  
  115  8:26  Spore Crawler  
  112  8:29  Mutalisk x2  
  112  8:30  Mutalisk x4  
  121  8:35  Spore Crawler  
  121  8:37  Zergling x2  
  114  8:45  Zergling x16  
  122  8:49  Baneling x3  
  122  9:01  Zergling x8  
  121  9:03  Zergling x2  
  121  9:04  Zergling x2  
  121  9:06  Zergling x2  
  116  9:11  Baneling x5  
  116  9:12  Baneling x8  
  116  9:13  Zergling x2  
  114  9:18  Zergling x2  
  114  9:22  Zergling x2  
  114  9:23  Zergling x2  
  116  9:27  Zergling x2  
  116  9:29  Zergling x2  
Tags
 
Add a new tag
Caveats
  • Supply blocks, unpowered buildings, or Contaminate may cause inaccurate times.
  • Supply counts are checked every 10 seconds.